| TOP OF THE 1ST |
|
Ohio State University Buckeyes batting - Pitching for University of Illinois Fighting Illini : RHP Luis Stuit
|
|
Pitching: RHP Luis Stuit
|
|
|
Batting: RHB Aukukero Tairi
|
0-0: Ball 1-0: Ball 2-0: SINGLE (Line Drive, 56, EV 95.0 MPH)
|
|
Batting: RHB Rafael Reyes
|
0-0: Ball 1-0: Foul Ball, location: 2F 1-1: Called Strike 1-2: Ball 2-2: Foul Ball, location: 2F 2-2: Foul Ball, location: 2F 2-2: Foul Ball, location: 2F 2-2: Foul Ball, location: 2F 2-2: Ball 3-2: Foul Ball, location: 2F 3-2: Base on Balls Aukukero Tairi to second
|
|
Pitching: RHP Kyle Storey
|
|
|
Batting: RHB Nick Holsinger
|
0-0: Called Strike 0-1: Foul Ball, location: 2F 0-2: Ball 1-2: Fly out, F6 (Popup, 6, EV 66.3 MPH)
|
|
Batting: RHB Xavier Castaneda
|
0-0: Fielders Choice at 2nd, 6-4 (Groundball, 6MS, EV 82.5 MPH) Aukukero Tairi to third
|
|
Batting: RHB Joey Black
|
0-0: Ball Xavier Castaneda is caught stealing 2nd base 2-4
|
| Top of the 1st over - 0 runs, 1 hit, 0 errors, 1 left on base; Ohio State University 0 - University of Illinois 0 |
| BOTTOM OF THE 1ST |
|
University of Illinois Fighting Illini batting - Pitching for Ohio State University Buckeyes : RHP Su-wu Yang
|
|
Pitching: RHP Su-wu Yang
|
|
|
Batting: RHB Nick Lombardo
|
0-0: Fly out, F7 (Line Drive, 7, EV 91.9 MPH)
|
|
Batting: RHB Justin Teague
|
0-0: Ball 1-0: Swinging Strike 1-1: Ball 2-1: Fly out, F9 (Flyball, 89S, EV 77.5 MPH)
|
|
Batting: LHB George Roben
|
0-0: Called Strike 0-1: Swinging Strike 0-2: Ball 1-2: Strikes out swinging
|
| Bottom of the 1st over - 0 runs, 0 hits, 0 errors, 0 left on base; Ohio State University 0 - University of Illinois 0 |
| TOP OF THE 2ND |
|
Ohio State University Buckeyes batting - Pitching for University of Illinois Fighting Illini : RHP Kyle Storey
|
|
Batting: RHB Joey Black
|
0-0: Called Strike 0-1: Ball 1-1: Ball 2-1: Ball 3-1: Foul Ball, location: 2F 3-2: Base on Balls
|
|
Batting: RHB Dan Muse
|
0-0: Ball 1-0: Foul Ball, location: 2F 1-1: Foul Ball, location: 2F 1-2: Ball 2-2: Ball 3-2: Base on Balls Joey Black to second
|
|
Batting: RHB Rick English
|
0-0: Fly out, F8 (Flyball, 8LXD, EV 94.4 MPH) Runner from 2nd tags up, SAFE at 3rd, no throw by CF
|
|
Batting: RHB Phil McFadden
|
0-0: Called Strike 0-1: Foul Ball, location: 2F 0-2: Ball 1-2: Ball 2-2: Strikes out swinging
|
|
Pitching: RHP Victor Cisneros
|
|
|
Batting: RHB Peter Westover
|
0-0: Called Strike Dan Muse is caught stealing 2nd base 2-4
|
| Top of the 2nd over - 0 runs, 0 hits, 0 errors, 1 left on base; Ohio State University 0 - University of Illinois 0 |
| BOTTOM OF THE 2ND |
|
University of Illinois Fighting Illini batting - Pitching for Ohio State University Buckeyes : RHP Su-wu Yang
|
|
Batting: RHB Tim Jobe
|
0-0: Swinging Strike 0-1: SINGLE (Flyball, 8LS, EV 87.5 MPH)
|
|
Batting: RHB Eric Brandenburg
|
0-0: Grounds into double play, 5-4-3 (Groundball, 5, EV 99.4 MPH)
|
|
Batting: RHB Nick Delisle
|
0-0: Called Strike 0-1: Ball 1-1: Ground out 3-1 (Groundball, 34S, EV 90.0 MPH)
|
| Bottom of the 2nd over - 0 runs, 1 hit, 0 errors, 0 left on base; Ohio State University 0 - University of Illinois 0 |
| TOP OF THE 3RD |
|
Ohio State University Buckeyes batting - Pitching for University of Illinois Fighting Illini : RHP Victor Cisneros
|
|
Batting: RHB Peter Westover
|
0-0: Ball 1-0: Called Strike 1-1: Ball 2-1: Ball 3-1: Foul Ball, location: 2F 3-2: Foul Ball, location: 2F 3-2: Base on Balls
|
|
Batting: RHB Aukukero Tairi
|
0-0: Called Strike 0-1: Foul Ball, location: 2F 0-2: Strikes out swinging
|
|
Batting: RHB Rafael Reyes
|
0-0: Called Strike 0-1: Called Strike 0-2: Ball 1-2: Foul Ball, location: 2F 1-2: Ball 2-2: Ball 3-2: SINGLE (Line Drive, 4M, EV 95.0 MPH) Peter Westover to second
|
|
Batting: RHB Nick Holsinger
|
0-0: Foul Ball, location: 2F 0-1: Ball 1-1: Ball 2-1: Ball 3-1: Base on Balls Peter Westover to third Rafael Reyes to second
|
|
Batting: RHB Xavier Castaneda
|
0-0: Called Strike 0-1: Swinging Strike 0-2: Strikes out swinging
|
|
Batting: RHB Joey Black
|
0-0: Foul Ball, location: 2F 0-1: Swinging Strike 0-2: Ball 1-2: Ball 2-2: Ball 3-2: Strikes out looking
|
| Top of the 3rd over - 0 runs, 1 hit, 0 errors, 3 left on base; Ohio State University 0 - University of Illinois 0 |
| BOTTOM OF THE 3RD |
|
University of Illinois Fighting Illini batting - Pitching for Ohio State University Buckeyes : RHP Su-wu Yang
|
|
Batting: RHB Vinny Torres
|
0-0: Foul Ball, location: 2F 0-1: Swinging Strike 0-2: SINGLE (Flyball, 4D, EV 93.8 MPH)
|
|
Batting: RHB Raul Franco
|
0-0: Ball 1-0: Swinging Strike 1-1: Swinging Strike 1-2: Ball 2-2: Strikes out swinging
|
|
Batting: RHB Yankel Pensak
|
0-0: Ball 1-0: SINGLE (Groundball, 56S, EV 72.5 MPH) (infield hit) Vinny Torres to second
|
|
Batting: RHB Nick Lombardo
|
0-0: Ball 1-0: SINGLE (Groundball, 6M, EV 106.3 MPH) (infield hit) Vinny Torres to third Yankel Pensak to second
|
|
Batting: RHB Justin Teague
|
0-0: Swinging Strike 0-1: Called Strike 0-2: Strikes out swinging
|
|
Batting: LHB George Roben
|
0-0: Swinging Strike 0-1: Ball 1-1: Called Strike 1-2: Ball 2-2: Foul Ball, location: 2F 2-2: Foul Ball, location: 2F 2-2: Foul Ball, location: 2F 2-2: Fly out, F7 (Flyball, 7LS, EV 86.9 MPH)
|
| Bottom of the 3rd over - 0 runs, 3 hits, 0 errors, 3 left on base; Ohio State University 0 - University of Illinois 0 |
| TOP OF THE 4TH |
|
Ohio State University Buckeyes batting - Pitching for University of Illinois Fighting Illini : RHP Victor Cisneros
|
|
Batting: RHB Dan Muse
|
0-0: Foul Ball, location: 2F 0-1: Foul Ball, location: 2F 0-2: Ball 1-2: Ball 2-2: Ground out 5-3 (Groundball, 15, EV 86.3 MPH)
|
|
Batting: RHB Rick English
|
0-0: Ball 1-0: Called Strike 1-1: Foul Ball, location: 2F 1-2: Foul Ball, location: 2F 1-2: Ball 2-2: Foul Ball, location: 2F 2-2: Fly out, F9 (Flyball, 9, EV 91.3 MPH)
|
|
Pitching: RHP Lazaro Ramirez
|
|
|
Batting: RHB Phil McFadden
|
0-0: Ball 1-0: Ball 2-0: Ground out 5-3 (Groundball, 56, EV 78.1 MPH)
|
| Top of the 4th over - 0 runs, 0 hits, 0 errors, 0 left on base; Ohio State University 0 - University of Illinois 0 |
| BOTTOM OF THE 4TH |
|
University of Illinois Fighting Illini batting - Pitching for Ohio State University Buckeyes : RHP Su-wu Yang
|
|
Batting: RHB Tim Jobe
|
0-0: Called Strike 0-1: SINGLE (Line Drive, 3D, EV 93.8 MPH)
|
|
Batting: RHB Eric Brandenburg
|
0-0: Ball 1-0: Called Strike 1-1: Grounds into double play, 5-4-3 (Groundball, 56, EV 87.5 MPH)
|
|
Batting: RHB Nick Delisle
|
0-0: Foul Ball, location: 2F 0-1: Ball 1-1: Ball 2-1: Foul Ball, location: 2F 2-2: SINGLE (Groundball, 56D, EV 102.5 MPH)
|
|
Batting: RHB Vinny Torres
|
0-0: Called Strike 0-1: Called Strike 0-2: Strikes out looking
|
| Bottom of the 4th over - 0 runs, 2 hits, 0 errors, 1 left on base; Ohio State University 0 - University of Illinois 0 |
| TOP OF THE 5TH |
|
Ohio State University Buckeyes batting - Pitching for University of Illinois Fighting Illini : RHP Lazaro Ramirez
|
|
Batting: RHB Peter Westover
|
0-0: Foul Ball, location: 2F 0-1: Ball 1-1: Foul Ball, location: 2F 1-2: Ball 2-2: Ball 3-2: Base on Balls
|
|
Batting: RHB Aukukero Tairi
|
Pickoff Throw to First - Error! E1 Peter Westover to second 0-0: Called Strike 0-1: Foul Ball, location: 2F 0-2: Foul Ball, location: 2F 0-2: Ball 1-2: SINGLE (Line Drive, 7LM, EV 98.8 MPH) Peter Westover to third
|
|
Batting: RHB Rafael Reyes
|
0-0: Called Strike 0-1: Ball 1-1: Swinging Strike 1-2: DOUBLE (Line Drive, 7LM, EV 105.6 MPH) Peter Westover scores Aukukero Tairi to third Runner from 3rd tries for Home, SAFE, no throw by LF
|
|
Batting: RHB Nick Holsinger
|
0-0: Ground out 5-3 (Groundball, 5S, EV 68.8 MPH) Rafael Reyes to third
|
|
Batting: RHB Xavier Castaneda
|
0-0: Foul Ball, location: 2F 0-1: Fly out, F9 (Flyball, 9, EV 95.0 MPH) Runner from 3rd tags up, SCORES, no throw by RF
|
|
Batting: RHB Joey Black
|
0-0: Ball 1-0: Fly out, F8 (Line Drive, 8LM, EV 90.6 MPH)
|
| Top of the 5th over - 3 runs, 2 hits, 1 error, 0 left on base; Ohio State University 3 - University of Illinois 0 |
| BOTTOM OF THE 5TH |
|
University of Illinois Fighting Illini batting - Pitching for Ohio State University Buckeyes : RHP Su-wu Yang
|
|
Batting: RHB Raul Franco
|
0-0: Ground out 5-3 (Groundball, 56, EV 88.1 MPH)
|
|
Batting: RHB Yankel Pensak
|
0-0: Foul Ball, location: 2F 0-1: Hit by Pitch
|
|
Batting: RHB Nick Lombardo
|
0-0: Ball 1-0: Fielders Choice at 2nd, 6-4 (Groundball, 6, EV 106.3 MPH)
|
|
Batting: RHB Justin Teague
|
0-0: Ball 1-0: Called Strike 1-1: SINGLE (Line Drive, 8LS, EV 100.6 MPH) Nick Lombardo to second
|
|
Batting: LHB George Roben
|
0-0: Ball 1-0: Called Strike 1-1: Called Strike 1-2: Foul Ball, location: 2F 1-2: Ball 2-2: Fly out, F8 (Flyball, 78XD, EV 95.0 MPH)
|
| Bottom of the 5th over - 0 runs, 1 hit, 0 errors, 2 left on base; Ohio State University 3 - University of Illinois 0 |
| TOP OF THE 6TH |
|
Ohio State University Buckeyes batting - Pitching for University of Illinois Fighting Illini : RHP Lazaro Ramirez
|
|
Pitching: LHP Richard Davies
|
|
|
Batting: RHB Dan Muse
|
0-0: Ball 1-0: Fly out, F8 (Line Drive, 8RD, EV 95.0 MPH)
|
|
Batting: RHB Rick English
|
0-0: Called Strike 0-1: Ball 1-1: Ground out 4-3 (Groundball, 4M, EV 95.0 MPH)
|
|
Batting: RHB Phil McFadden
|
0-0: Swinging Strike 0-1: SOLO HOME RUN (Flyball, 7D, EV 101.9 MPH), Distance : 376 ft
|
|
Batting: RHB Peter Westover
|
0-0: Fly out, F9 (Flyball, 89M, EV 93.8 MPH)
|
| Top of the 6th over - 1 run, 1 hit, 0 errors, 0 left on base; Ohio State University 4 - University of Illinois 0 |
| BOTTOM OF THE 6TH |
|
University of Illinois Fighting Illini batting - Pitching for Ohio State University Buckeyes : RHP Su-wu Yang
|
|
Batting: RHB Tim Jobe
|
0-0: Ball 1-0: Fly out, F2 (Popup, 25F, EV 81.9 MPH)
|
|
Batting: RHB Eric Brandenburg
|
0-0: Called Strike 0-1: Called Strike 0-2: Ball 1-2: Ball 2-2: SINGLE (Groundball, 6MD, EV 104.4 MPH)
|
|
Batting: RHB Nick Delisle
|
0-0: Swinging Strike 0-1: Ball 1-1: Grounds into double play, 5-4-3 (Groundball, 56S, EV 83.1 MPH)
|
| Bottom of the 6th over - 0 runs, 1 hit, 0 errors, 0 left on base; Ohio State University 4 - University of Illinois 0 |
| TOP OF THE 7TH |
|
Ohio State University Buckeyes batting - Pitching for University of Illinois Fighting Illini : LHP Richard Davies
|
|
Batting: RHB Aukukero Tairi
|
0-0: Ball 1-0: Called Strike 1-1: Ground out 5-3 (Groundball, 5S, EV 81.3 MPH)
|
|
Batting: RHB Rafael Reyes
|
0-0: Ground out 4-3 (Groundball, 4, EV 90.6 MPH)
|
|
Batting: RHB Nick Holsinger
|
0-0: Foul Ball, location: 2F 0-1: Foul Ball, location: 2F 0-2: Ball 1-2: Foul Ball, location: 2F 1-2: Ball 2-2: Foul Ball, location: 2F 2-2: Foul Ball, location: 2F 2-2: DOUBLE (Groundball, 5L, EV 106.3 MPH)
|
|
Pitching: RHP Lazaro Vasquez
|
|
|
Batting: RHB Xavier Castaneda
|
0-0: Ball 1-0: Called Strike 1-1: Ball 2-1: Ball 3-1: Foul Ball, location: 2F 3-2: 2-RUN HOME RUN (Flyball, 7LD, EV 94.4 MPH), Distance : 346 ft
|
|
Batting: RHB Joey Black
|
0-0: Ball 1-0: Ball 2-0: Ball 3-0: Called Strike 3-1: Base on Balls
|
|
Batting: RHB Dan Muse
|
0-0: Ball 1-0: Ball 2-0: Ball 3-0: Base on Balls Joey Black to second
|
|
Batting: RHB Rick English
|
0-0: Ball 1-0: Foul Ball, location: 2F 1-1: Ball 2-1: Foul Ball, location: 2F 2-2: Ball 3-2: 3-RUN HOME RUN (Flyball, 89XD, EV 100.6 MPH), Distance : 422 ft
|
|
Pitching: RHP Leon Gadsden
|
|
|
Batting: RHB Phil McFadden
|
0-0: Ball 1-0: Ball 2-0: Called Strike 2-1: Ball 3-1: Foul Ball, location: 2F 3-2: Base on Balls
|
|
Batting: RHB Peter Westover
|
0-0: Ball 1-0: Foul Ball, location: 2F 1-1: Ball 2-1: Fielders Choice at 2nd, 6-4 (Groundball, 6, EV 106.3 MPH)
|
| Top of the 7th over - 5 runs, 3 hits, 0 errors, 1 left on base; Ohio State University 9 - University of Illinois 0 |
| BOTTOM OF THE 7TH |
|
University of Illinois Fighting Illini batting - Pitching for Ohio State University Buckeyes : RHP Su-wu Yang
|
|
Pitching: LHP Ian Tamburrino
|
|
|
Batting: RHB Vinny Torres
|
0-0: Called Strike 0-1: Called Strike 0-2: Strikes out swinging
|
|
Batting: RHB Raul Franco
|
0-0: Ball 1-0: SINGLE (Groundball, 5D, EV 100.6 MPH)
|
|
Batting: RHB Yankel Pensak
|
0-0: Ball 1-0: Swinging Strike 1-1: Ball 2-1: DOUBLE (Line Drive, 78D, EV 108.8 MPH) Raul Franco to third
|
|
Batting: RHB Nick Lombardo
|
0-0: Called Strike 0-1: Foul Ball, location: 2F 0-2: Ball 1-2: SINGLE (Groundball, 56D, EV 103.1 MPH) Raul Franco scores Yankel Pensak to third Runner from 3rd tries for Home, SAFE, throw by LF to home
|
|
Batting: RHB Justin Teague
|
0-0: Called Strike 0-1: Foul Ball, location: 2F 0-2: Foul Ball, location: 2F 0-2: Strikes out swinging
|
|
Batting: LHB George Roben
|
0-0: Called Strike 0-1: Ground out 4-3 (Groundball, 4, EV 86.9 MPH)
|
| Bottom of the 7th over - 2 runs, 3 hits, 0 errors, 1 left on base; Ohio State University 9 - University of Illinois 2 |
| TOP OF THE 8TH |
|
Ohio State University Buckeyes batting - Pitching for University of Illinois Fighting Illini : RHP Leon Gadsden
|
|
Batting: RHB Aukukero Tairi
|
0-0: Fly out, F8 (Flyball, 8RD, EV 93.8 MPH)
|
|
Batting: RHB Rafael Reyes
|
0-0: Ball 1-0: Called Strike 1-1: Ball 2-1: Ball 3-1: Base on Balls
|
|
Batting: RHB Nick Holsinger
|
0-0: Swinging Strike 0-1: Called Strike Rafael Reyes steals 2nd, throwing error, E2 Rafael Reyes to third 0-2: Strikes out looking
|
|
Batting: RHB Xavier Castaneda
|
0-0: Ball 1-0: Called Strike 1-1: Ball 2-1: Ball 3-1: Base on Balls
|
|
Batting: RHB Joey Black
|
0-0: Ball 1-0: Swinging Strike 1-1: Swinging Strike 1-2: Ball 2-2: Ball 3-2: Base on Balls Xavier Castaneda to second
|
|
Batting: RHB Dan Muse
|
0-0: Swinging Strike 0-1: SINGLE (Flyball, 8LS, EV 85.6 MPH) Rafael Reyes scores Xavier Castaneda to third Joey Black to second Runner from 3rd tries for Home, SAFE, throw by CF to home
|
|
Batting: RHB Rick English
|
0-0: Called Strike 0-1: Ball 1-1: Swinging Strike 1-2: Strikes out swinging
|
| Top of the 8th over - 2 runs, 1 hit, 1 error, 2 left on base; Ohio State University 11 - University of Illinois 2 |
| BOTTOM OF THE 8TH |
|
University of Illinois Fighting Illini batting - Pitching for Ohio State University Buckeyes : LHP Ian Tamburrino
|
|
Batting: RHB Tim Jobe
|
0-0: Called Strike 0-1: Ball 1-1: Called Strike 1-2: Ball 2-2: Foul Ball, location: 2F 2-2: Strikes out looking
|
|
Batting: RHB Eric Brandenburg
|
0-0: Fly out, F4 (Line Drive, 4, EV 72.5 MPH)
|
|
Batting: RHB Nick Delisle
|
0-0: Swinging Strike 0-1: Ball 1-1: Ground out 2-3 (Groundball, 15S, EV 75.6 MPH)
|
| Bottom of the 8th over - 0 runs, 0 hits, 0 errors, 0 left on base; Ohio State University 11 - University of Illinois 2 |
| TOP OF THE 9TH |
|
Ohio State University Buckeyes batting - Pitching for University of Illinois Fighting Illini : RHP Leon Gadsden
|
|
Batting: RHB Phil McFadden
|
0-0: Foul Ball, location: 2F 0-1: Swinging Strike 0-2: Foul Ball, location: 2F 0-2: Ball 1-2: Ball 2-2: Ball 3-2: Base on Balls
|
|
Pinch Hitting: LHB Bill Lorimer
|
0-0: Ball 1-0: Called Strike 1-1: Called Strike 1-2: Ball 2-2: Foul Ball, location: 2F 2-2: Ball 3-2: Foul Ball, location: 2F 3-2: Foul Ball, location: 2F 3-2: Base on Balls Phil McFadden to second
|
|
Batting: RHB Aukukero Tairi
|
0-0: Called Strike 0-1: Called Strike 0-2: Strikes out swinging
|
|
Batting: RHB Rafael Reyes
|
0-0: Called Strike 0-1: Swinging Strike 0-2: Ball 1-2: Fly out, F9 (Line Drive, 9D, EV 96.9 MPH)
|
|
Batting: RHB Nick Holsinger
|
0-0: Ball 1-0: Swinging Strike 1-1: SINGLE (Flyball, 56D, EV 83.1 MPH) Phil McFadden to third Bill Lorimer to second Runner from 3rd tries for Home, SAFE, throw by LF to home
|
|
Pitching: RHP Jose Tovar
|
|
|
Now in LF: Chris McGuirk
|
|
|
Batting: RHB Xavier Castaneda
|
0-0: Ball 1-0: Swinging Strike 1-1: Foul Ball, location: 2F 1-2: Foul Ball, location: 2F 1-2: Fly out, F9 (Flyball, 89M, EV 90.6 MPH)
|
| Top of the 9th over - 1 run, 1 hit, 0 errors, 2 left on base; Ohio State University 12 - University of Illinois 2 |
| BOTTOM OF THE 9TH |
|
University of Illinois Fighting Illini batting - Pitching for Ohio State University Buckeyes : LHP Ian Tamburrino
|
|
Now at SS: Aaron Battista
|
|
|
Batting: RHB Vinny Torres
|
0-0: Ball 1-0: Ball 2-0: Foul Ball, location: 2F 2-1: Ball 3-1: Fly out, F9 (Flyball, 9LD, EV 90.6 MPH)
|
|
Pitching: LHP Jon Ortiz
|
|
|
Pinch Hitting: SHB Ryan Buchbinder
|
0-0: Swinging Strike 0-1: DOUBLE (Groundball, 5L, EV 103.1 MPH)
|
|
Pinch Hitting: SHB Robert Soto
|
0-0: Called Strike 0-1: Ball 1-1: Ball 2-1: Swinging Strike 2-2: Strikes out swinging
|
|
Batting: RHB Nick Lombardo
|
0-0: Ball 1-0: Ball 2-0: Called Strike 2-1: Foul Ball, location: 2F 2-2: 2-RUN HOME RUN (Flyball, 78XD, EV 110.0 MPH), Distance : 418 ft
|
|
Batting: RHB Chris McGuirk
|
0-0: Ball 1-0: Ball 2-0: Ball 3-0: Called Strike 3-1: Base on Balls
|
|
Batting: LHB George Roben
|
0-0: Ball 1-0: Ball 2-0: Ball 3-0: Called Strike 3-1: Called Strike 3-2: SINGLE (Flyball, 3D, EV 90.6 MPH) Chris McGuirk to second Chris McGuirk to third
|
|
Batting: RHB Tim Jobe
|
0-0: SINGLE (Line Drive, 4D, EV 95.0 MPH) Chris McGuirk scores George Roben to second
|
|
Batting: RHB Eric Brandenburg
|
0-0: Ball 1-0: Ball 2-0: SINGLE (Groundball, 34D, EV 96.9 MPH) George Roben to third Tim Jobe to second
|
|
Batting: RHB Nick Delisle
|
0-0: Called Strike 0-1: Ball 1-1: Ball 2-1: Ball 3-1: Called Strike 3-2: DOUBLE (Line Drive, 9LM, EV 110.0 MPH) George Roben scores Tim Jobe scores Eric Brandenburg to third Eric Brandenburg scores
|
|
Pitching: RHP Jonathan Villalovos
|
|
|
Batting: RHB Vinny Torres
|
0-0: Ball 1-0: Ball 2-0: Called Strike 2-1: Foul Ball, location: 2F 2-2: Strikes out looking
|
| Bottom of the 9th over - 6 runs, 6 hits, 0 errors, 1 left on base; Ohio State University 12 - University of Illinois 8 |
|